 Dungeon Crawl Stone Soup version 0.28-a0-793-g31680bbd8b (webtiles) character file.

Game seed: 15350769490714596608

85 croobank the Chopper (level 4, -7/41 HPs)
             Began as a Gnoll Cinder Acolyte on Nov 4, 2021.
             Was a High Priest of Ignis.
             Mangled by an iguana (12 damage)
             ... on level 3 of the Dungeon.
             The game lasted 00:18:07 (3651 turns).

croobank the Chopper (Gnoll Cinder Acolyte)         Turns: 3651, Time: 00:18:08

Health: -7/41      AC:  3    Str: 13    XL:     4   Next: 48%
Magic:  8/8        EV: 11    Int: 13    God:    Ignis [*****.]
Gold:   104        SH:  0    Dex:  9    Spells: 9/9 levels left

rFire   + + .      SeeInvis .   a - -1 hand axe (flame)
rCold   + . .      Faith    .   (no shield)
rNeg    . . .      Spirit   .   b - +0 robe
rPois   +          Reflect  .   j - +0 hat
rElec   +          Harm     .   (no cloak)
rCorr   +          Rampage  .   f - +0 pair of gloves
Will    .....                   (no boots)
Stlth   +.........              (no amulet)
HPRegen 0.13/turn               e - ring of wizardry
MPRegen 0.11/turn               (no ring)

@: resistant
A: fangs 1, strong nose, distributed training
a: Renounce Religion, Sea of Fire, Foxfire Swarm, Rising Flame


You were on level 3 of the Dungeon.
You worshipped Ignis.
Ignis was extremely pleased with you.
You visited 1 branch of the dungeon, and saw 3 of its levels.

You collected 104 gold pieces.

Inventory:

Hand Weapons
 a - a -1 hand axe of flaming (weapon)
 d - a +0 mace of protection
Missiles
 c - 58 stones (quivered)
Armour
 b - a +0 robe (worn)
 f - a +0 pair of gloves (worn)
 j - a +0 hat (worn)
Jewellery
 e - a ring of wizardry (left hand)
Potions
 h - a potion of curing
 i - a potion of invisibility {unknown}
 k - 2 potions of flight {unknown}


   Skills:
 + Level 6.6 Fighting
 + Level 1.1 Short Blades
 + Level 1.1 Long Blades
 + Level 6.6 Axes
 + Level 1.1 Maces & Flails
 + Level 1.1 Polearms
 + Level 1.1 Staves
 + Level 1.1 Slings
 + Level 1.1 Bows
 + Level 1.1 Crossbows
 + Level 1.1 Throwing
 + Level 1.1 Armour
 + Level 1.1 Dodging
 + Level 1.1 Stealth
 + Level 1.1 Shields
 + Level 1.1 Unarmed Combat
 + Level 3.0 Spellcasting
 + Level 0.9 Conjurations
 + Level 0.9 Hexes
 + Level 0.9 Summonings
 + Level 0.9 Necromancy
 + Level 0.9 Translocations
 + Level 0.9 Transmutations
 + Level 5.4 Fire Magic
 + Level 0.9 Ice Magic
 + Level 0.9 Air Magic
 + Level 0.9 Earth Magic
 + Level 0.9 Poison Magic
 + Level 1.2 Invocations
 + Level 1.1 Evocations


You had 9 spell levels left.
You didn't know any spells.
Your spell library contained the following spells:

 Spells                   Type           Power      Damage    Failure   Level
 Scorch                   Fire           32%        2d6       1%          2


Dungeon Overview and Level Annotations

Branches:
Dungeon (3/15)

Altars:
Okawaru


Innate Abilities, Weirdness & Mutations

You have very sharp teeth.
Your uncanny sense of smell can sniff out nearby items.
Your experience applies equally to all skills.


Message History

Throw: 62 stones
Press: ? - help, Q - select action Shift-Dir - straight line, f - iguana
Aim: an iguana (61% to hit)
You throw a stone. The stone hits the iguana.
The iguana is lightly wounded.
Throw: 61 stones
Press: ? - help, Q - select action Shift-Dir - straight line, f/p - iguana
Aim: an iguana (lightly wounded, 61% to hit)
You throw a stone.
The stone hits the iguana but does no damage.
The iguana is lightly wounded.
You see here a stone.
Throw: 60 stones
Press: ? - help, Q - select action Shift-Dir - straight line, f/p - iguana
Aim: an iguana (lightly wounded, 61% to hit)
You throw a stone. The stone barely misses the iguana.
The stone closely misses the orc.
Throw: 59 stones
Press: ? - help, Q - select action Shift-Dir - straight line, f/p - iguana
Aim: an iguana (lightly wounded, 61% to hit)
You throw a stone. The stone barely misses the iguana.
The stone barely misses the orc.
The iguana hisses menacingly.
Throw: 58 stones
Press: ? - help, Q - select action Shift-Dir - straight line, f/p - iguana
Aim: an iguana (lightly wounded, 61% to hit)
Okay, then.
You closely miss the iguana. Your bite misses the iguana.
The iguana is lightly wounded.
The iguana barely misses you. The iguana misses you.
A rat comes into view.
Found a mace.
It was a potion of curing.
You feel better. The iguana bites you!
* * * LOW HITPOINT WARNING * * *
The rat bites you but does no damage.
It was a potion of resistance.
You feel protected. The iguana bites you!
You die...

...#.##.# #
####.#(##.#.. ######. #
.....(....#.. #)..... #
.....#.##.#.# #....# #
####.#.##.#.# #....# #
..)..#.##.#.# #... .#
#### #
.###.#.##.#.###.####..#
##....#
.....#.##.#....or....#
......#
####.#.##......l@...#
.......
.......##.#.......###
......#
####......#....####
#.###.#
####......#.#### # #
..........#.. #
####......#.. ∆#
..........#... ∆ #
..........#.## #
......###.# #


You could see an iguana, an orc and a rat.

Vanquished Creatures
  An adder (D:2)
  2 worms (D:2)
  2 dart slugs (D:1)
  3 orcs (D:3)
  3 ball pythons
  4 endoplasms
  2 giant cockroaches
  6 goblins
  6 hobgoblins
  3 jackals (D:1)
  5 quokkas
  6 bats
  3 frilled lizards
  7 kobolds
  5 rats
58 creatures vanquished.

Vanquished Creatures (others)
  3 fungi (D:3)
  3 plants (D:3)
6 creatures vanquished.

Grand Total: 64 creatures vanquished

Notes
Turn   | Place    | Note
-------+----------+-------------------------------------------
     0 | D:1      | croobank the Gnoll Cinder Acolyte began the quest for the
                  | Orb.
     0 | D:1      | Reached XP level 1. HP: 23/23 MP: 4/4
   513 | D:1      | Reached XP level 2. HP: 22/29 MP: 5/5
  1088 | D:1      | Found Saulourr's Antique Armour Boutique.
  1284 | D:1      | Reached XP level 3. HP: 35/35 MP: 7/7
  1702 | D:2      | Reached skill level 1 in Invocations
  1930 | D:2      | Found an iron altar of Okawaru.
  2177 | D:2      | Reached skill level 1 in Short Blades
  2177 | D:2      | Reached skill level 1 in Long Blades
  2177 | D:2      | Reached skill level 1 in Maces & Flails
  2177 | D:2      | Reached skill level 1 in Polearms
  2177 | D:2      | Reached skill level 1 in Staves
  2177 | D:2      | Reached skill level 1 in Slings
  2177 | D:2      | Reached skill level 1 in Bows
  2177 | D:2      | Reached skill level 1 in Crossbows
  2177 | D:2      | Reached skill level 1 in Throwing
  2177 | D:2      | Reached skill level 1 in Armour
  2177 | D:2      | Reached skill level 1 in Dodging
  2177 | D:2      | Reached skill level 1 in Stealth
  2177 | D:2      | Reached skill level 1 in Shields
  2177 | D:2      | Reached skill level 1 in Unarmed Combat
  2177 | D:2      | Reached skill level 1 in Evocations
  2333 | D:2      | Found a faded altar of an unknown god.
  2389 | D:2      | Reached XP level 4. HP: 37/41 MP: 8/8
  3651 | D:3      | Mangled by an iguana

Illustrated notes

Levels and vault maps discovered:
D:1:      psy_arrival_basics, layout_loops_corners, serial_shops,
          nicolae_shop_overgrown_old_shop
D:2:      layout_loops_ring, shapermc_ecumenical_altar_totnotflames,
          basic_altar, grunt_decor_clamped
D:3:      minmay_recursive_quarters, layout_basic,
          mainiacjoe_overflow_boulevard, lemuel_round_altar,
          gammafunk_temple_overflow_forgotten

Skill      XL: |  1  2  3  4 |
---------------+-------------+-----
Invocations    | 1 |  1.2
Short Blades   | 1 |  1.1
Long Blades    | 1 |  1.1
Maces & Flails | 1 |  1.1
Polearms       | 1 |  1.1
Staves         | 1 |  1.1
Slings         | 1 |  1.1
Bows           | 1 |  1.1
Crossbows      | 1 |  1.1
Throwing       | 1 |  1.1
Armour         | 1 |  1.1
Dodging        | 1 |  1.1
Stealth        | 1 |  1.1
Shields        | 1 |  1.1
Unarmed Combat | 1 |  1.1
Evocations     | 1 |  1.1
Spellcasting   | 3 |  3.0
Fighting       | |  6.6
Axes           | |  6.6
Conjurations   | |  0.9
Hexes          | |  0.9
Summonings     | |  0.9
Necromancy     | |  0.9
Translocations | |  0.9
Transmutations | |  0.9
Fire Magic     | |  5.4
Ice Magic      | |  0.9
Air Magic      | |  0.9
Earth Magic    | |  0.9
Poison Magic   | |  0.9

Action                   |  1- 3 |  4- 6 || total
-------------------------+-------+-------++-------
Melee: Hand axe          |   134 |    61 ||   195
       Bite              |     9 |     3 ||    12
Throw: Stone             |    39 |    41 ||    80
  Use: Potion            |       |     3 ||     3
 Stab: Sleeping          |     2 |       ||     2
Armor: Robe              |    30 |     2 ||    32
       Skin              |       |     1 ||     1
Dodge: Dodged            |    66 |    26 ||    92

Table legend: (Time is in decaauts)
 A = Elapsed time spent in this place.
 B = Non-inter-level travel time spent in this place.
 C = Inter-level travel time spent in this place.
 D = Time resting spent in this place.
 E = Time spent auto-exploring this place.
 F = Levels seen in this place.
 G = Mean time per level.
                   A        B        C        D        E       F      G
               +--------+--------+--------+--------+--------+-----+--------+
         Total |   3650 |   3628 |     22 |   1003 |   1831 |   3 | 1216.7 |
       Dungeon |   3650 |   3628 |     22 |   1003 |   1831 |   3 | 1216.7 |
               +--------+--------+--------+--------+--------+-----+--------+

Top non-repeatable levels by time:
     D:1: 1666 daAuts
     D:2: 1335 daAuts
     D:3: 648 daAuts
